 Dungeon Crawl Stone Soup version 0.28.0-43-g3370ac3207 (webtiles) character file.

Game seed: 10841462605492068175

9 yohohoo the Shield-Bearer (level 1, 0/18 HPs)
             Began as a Demigod Fighter on Apr 1, 2022.
             Slain by an adder (3 damage)
             ... on level 2 of the Dungeon.
             The game lasted 00:06:44 (556 turns).

yohohoo the Shield-Bearer (Demigod Fighter)          Turns: 556, Time: 00:06:44

Health: 0/18       AC:  6    Str: 17    XL:     1   Next: 86%
Magic:  3/3        EV:  9    Int: 10    God:
Gold:   0          SH:  4    Dex: 13    Spells: 0/0 levels left

rFire   . . .      SeeInvis .     - Unarmed
rCold   . . .      Faith    .   b - +0 buckler
rNeg    . . .      Spirit   .   a - +0 scale mail
rPois   .          Reflect  .   (no helmet)
rElec   .          Harm     .   (no cloak)
rCorr   .          Rampage  .   (no gloves)
Will    .....                   (no boots)
Stlth   ..........              (no amulet)
HPRegen 0.06/turn               (no ring)
MPRegen 0.08/turn               (no ring)

@: no status effects
A: high MP 1, forlorn, divine attributes
a: no special abilities


You were on level 2 of the Dungeon.
You visited 1 branch of the dungeon, and saw 2 of its levels.

Inventory:

Hand Weapons
 d - a +0 dagger
Missiles
 e - 60 stones (quivered)
 f - 30 arrows
Armour
 a - a +0 scale mail (worn)
 b - a +0 buckler (worn)
Potions
 c - a potion of might


   Skills:
 + Level 2.8 Fighting
 + Level 2.8 Armour
 + Level 0.2 Dodging
 + Level 2.9 Shields
 + Level 1.8 Unarmed Combat


You couldn't memorise any spells.
You didn't know any spells.
Your spell library was empty.

Dungeon Overview and Level Annotations

Branches:
Dungeon (1/15)


Innate Abilities, Weirdness & Mutations

You have an increased reservoir of magic. (+10% MP)
You shall have no god before yourself.
Your divine heritage dramatically boosts your attributes as you level up.


Message History

You hit the giant cockroach.
You kill the giant cockroach!
The bat hits you but does no damage.
The endoplasm jiggles.
The bat hits you but does no damage.
The endoplasm hits you but does no damage.
You see here a giant cockroach corpse.
An adder comes into view.
The adder hisses angrily.
You block the bat's attack. The endoplasm hits you.
You barely miss the endoplasm. The bat hits you. The endoplasm freezes you.
You are frozen.
The endoplasm closely misses you. The bat completely misses you.
The endoplasm hits you.
You see here a giant cockroach corpse.
The bat barely misses you. The endoplasm closely misses you.
You hit the endoplasm.
The endoplasm is heavily wounded.
The bat completely misses you. The endoplasm closely misses you.
The bat hits you but does no damage. The endoplasm freezes you.
You are frozen.
You see here a giant cockroach corpse.
You hit the adder but do no damage. The bat hits you but does no damage.
The adder barely misses you. The endoplasm barely misses you.
The adder bites you but does no damage. The bat barely misses you.
The adder closely misses you.
You closely miss the bat. You block the bat's attack.
The bat barely misses you. The adder bites you but does no damage.
The endoplasm freezes you.
You are frozen.
* * * LOW HITPOINT WARNING * * *
You hit the bat.
The bat is severely wounded.
You block the bat's attack. The adder bites you but does no damage.
The endoplasm barely misses you. The adder misses you.
You hit the endoplasm.
You kill the endoplasm!
The bat misses you. The adder bites you.
You die...

###########
#.........#
#.........#
+....>....#
#.........#
#...@...:.#
#..b†S....#
#.........#
#.........#
#.........#
#.........#
.......#####
........#
.........#


You could see an adder and a bat.

Vanquished Creatures
  3 bats (D:1)
  An endoplasm (D:2)
  2 giant cockroaches
  2 kobolds (D:1)
  A frilled lizard (D:1)
  A rat (D:1)
10 creatures vanquished.

Notes
Turn   | Place    | Note
-------+----------+-------------------------------------------
     0 | D:1      | yohohoo the Demigod Fighter began the quest for the Orb.
     0 | D:1      | Reached XP level 1. HP: 18/18 MP: 3/3
   538 | D:1      | You fall into a shaft and drop 1 floor!
   556 | D:2      | Slain by an adder

Illustrated notes

Levels and vault maps discovered:
D:1:      scummos_arrival_simple_fountains, layout_loops_corners,
          chequers_ecumenical_altar_simple
D:2:      layout_basic, serial_shops, shop, basic_altar, uniq_natasha

Action                   || total
-------------------------++-------
Melee: Unarmed           ||    51
  Use: Scroll            ||     2
Armor: Scale mail        ||    57
Dodge: Dodged            ||    55
Block: Buckler           ||    22
